 Dungeon Crawl Stone Soup version 0.31-a0-1019-g3dd9dd1025 (webtiles) character file.

Game seed: 930102156216702966

97 Gumption the Chopper (level 4, -2/41 HPs)
             Began as a Hill Orc Monk on Nov 17, 2023.
             Killed by nerve-wracking pain
             ... invoked by Grinder
              (11 damage)
             ... while paralysed by Grinder
             ... on level 3 of the Dungeon.
             The game lasted 00:11:56 (1844 turns).

Gumption the Chopper (Hill Orc Monk)                Turns: 1844, Time: 00:11:57

Health: -2/41      AC:  9    Str: 15    XL:     4   Next: 68%
Magic:  4/4        EV:  2    Int: 10    God:
Gold:   65         SH:  0    Dex: 13    Spells: 3/3 levels left

rFire   . . .        a - +0 war axe
rCold   . . .        d - orb {light}
rNeg    . . .        n - +0 chain mail
rPois   +            (no helmet)
rElec   .            (no cloak)
rCorr   .            p - +0 pair of gloves
SInv    .            (no boots)
Will    .....        (no amulet) Stlth
                     l - ring of poison resistance
HPRegen 0.26/turn    (no ring)
MPRegen 0.09/turn

%: no passive effects
@: paralysed, glowing
A: no striking features
a: no special abilities


You were on level 3 of the Dungeon.
You visited 1 branch of the dungeon, and saw 3 of its levels.

You collected 65 gold pieces.

Inventory:

Hand Weapons
 a - a +0 war axe (weapon)
 e - a +0 hand axe
Missiles
 g - 20 stones
 m - 4 poisoned darts (quivered)
Armour
 d - an orb of light (worn)
 n - a +0 chain mail (worn)
 p - a +0 pair of gloves (worn)
Jewellery
 l - a ring of poison resistance (left hand)
 o - an amulet of faith
Scrolls
 f - a scroll of enchant armour {unknown}
 i - a scroll of fear {unknown}
 j - 2 scrolls of amnesia {unknown}
 k - 2 scrolls of immolation
Potions
 b - 2 potions of resistance {unknown}
 c - a potion of ambrosia
 h - 2 potions of heal wounds {unknown}


   Skills:
 + Level 4.5 Fighting
 * Level 5.6 Axes
 + Level 2.0 Armour
 - Level 2.4 Dodging


You had 3 spell levels left.
You didn't know any spells.
Your spell library contained the following spells:

 Spells                   Type           Power      Damage    Failure   Level
 Freeze                   Ice            0%         1d3       99%         1
 Frozen Ramparts          Ice            0%         1d1       100%        3
 Hailstorm                Conj/Ice       0%         3d3       100%        3


Dungeon Overview and Level Annotations

Branches:
Dungeon (3/15)

Altars:
Elyvilon

Annotations:
D:3 Grinder


Message History

An adder comes into view.
The adder hisses angrily.
Grinder says, "There's only one good use for a tongue: cutting it out."
You can move again.
Throw: 6 darts (poison)
Press: ? - help, Q - select action, (/) - cycle Shift-Dir - straight line, f - Grinder
Aim: Grinder (haloed, 72% to hit)
You throw a poisoned dart. The poisoned dart hits Grinder.
Grinder blinks!
Throw: 5 darts (poison)
Press: ? - help, Q - select action, (/) - cycle Shift-Dir - straight line, f/p - Grinder
Aim: Grinder (52% to hit)
You throw a poisoned dart.
The poisoned dart barely misses the adder.
The poisoned dart hits Grinder.
You slash the adder!
The adder is severely wounded.
The adder barely misses you.
You hit the adder.
You kill the adder!
You barely miss Grinder.
Grinder says, "DUCK!"
Grinder gestures at you. Pain shoots through your body!
You hit Grinder but do no damage. Grinder hits you.
* * * LOW HITPOINT WARNING * * *
You writhe in agony.
* * * LOW HITPOINT WARNING * * *
You hit Grinder.
Grinder is lightly wounded.
Grinder hits you!
* * * LOW HITPOINT WARNING * * *
You writhe in agony.
* * * LOW HITPOINT WARNING * * *
Grinder gestures at you.
You suddenly lose the ability to move!
Grinder gestures at you. Pain shoots through your body!
You die...
Grinder says, "Now the real fun starts!"

### ## .#... .# ..... .#
.#.#.#.####.# ...........#
............ ...........
.############# #..#.#...##
....((...5@..# #..#.#.#.##
.###########.####.)#.#.#.##
+...............).#..<#...
##...######.####..#.#.####
+...+.........#....#.####
#...######.##.#....#.....
###.........# #..#.######
#.#########...##... #.#
....#.######


You could see Grinder.

Vanquished Creatures
  An adder (D:3)
  5 dart slugs
  5 ball pythons
  13 endoplasms
  6 giant cockroaches
  9 goblins
  6 hobgoblins
  3 jackals (D:2)
  A quokka (D:1)
  7 bats
  6 frilled lizards
  2 kobolds
  4 rats
68 creatures vanquished.

Notes
Turn   | Place    | Note
-------+----------+-------------------------------------------
     0 | D:1      | Gumption the Hill Orc Monk began the quest for the Orb.
     0 | D:1      | Reached XP level 1. HP: 19/19 MP: 1/1
   142 | D:1      | Reached XP level 2. HP: 25/27 MP: 2/2
   298 | D:1      | Found a faded altar of an unknown god.
   302 | D:1      | Reached skill level 1 in Armour
   367 | D:1      | Reached XP level 3. HP: 33/33 MP: 3/3
   451 | D:1      | Reached skill level 5 in Axes
   982 | D:2      | Found a white marble altar of Elyvilon.
  1013 | D:2      | Reached XP level 4. HP: 40/40 MP: 4/4
  1829 | D:3      | Noticed Grinder
  1829 | D:3      | Paralysed by Grinder for 5 turns
  1843 | D:3      | Paralysed by Grinder for 4 turns
  1844 | D:3      | Killed from afar by Grinder

Illustrated notes

Levels and vault maps discovered:
D:1:      minmay_arrival_solitary_statue, layout_loops_ring,
          shapermc_ecumenical_altar_mp_highgroup
D:2:      kb_forest_paths, layout_basic, basic_altar
D:3:      layout_basic, serial_shops, shop, nicolae_shop_crystal, uniq_grinder

Skill      XL: |  1  2  3  4 |
---------------+-------------+-----
Armour         | 1 2 |  2.0
Fighting       | 4 |  4.5
Axes           | 5 |  5.6
Dodging        | |  2.4

Action                     |  1- 3 |  4- 6 || total
---------------------------+-------+-------++-------
  Melee: War axe           |    66 |    53 ||   119
         Hand axe          |     5 |       ||     5
  Throw: Stone             |     5 |       ||     5
         Dart              |       |     2 ||     2
    Use: Scroll            |       |     1 ||     1
 Armour: Robe              |    12 |       ||    12
         Ring mail         |    12 |       ||    12
         Chain mail        |    29 |    35 ||    64
  Dodge: Dodged            |    37 |    14 ||    51

Table legend: (Time is in decaauts)
 A = Elapsed time spent in this place.
 B = Non-inter-level travel time spent in this place.
 C = Inter-level travel time spent in this place.
 D = Time resting spent in this place.
 E = Time spent auto-exploring this place.
 F = Levels seen in this place.
 G = Mean time per level.
                   A        B        C        D        E       F      G
               +--------+--------+--------+--------+--------+-----+--------+
         Total |   1873 |   1873 |      0 |    178 |    482 |   3 |  624.3 |
       Dungeon |   1873 |   1873 |      0 |    178 |    482 |   3 |  624.3 |
               +--------+--------+--------+--------+--------+-----+--------+

Top non-repeatable levels by time:
     D:2: 911 daAuts
     D:1: 806 daAuts
     D:3: 156 daAuts
